 Dungeon Crawl Stone Soup version 0.21-a0-531-gacddea6 (webtiles) character file.

41 slep the Chopper (level 3, -4/28 HPs)
             Began as a Formicid Gladiator on Dec 13, 2017.
             Slain by a leopard gecko (5 damage)
             ... on level 2 of the Dungeon.
             The game lasted 00:02:56 (934 turns).

slep the Chopper (Formicid Gladiator)                Turns: 934, Time: 00:02:56

Health: -4/28      AC:  3    Str: 18    XL:     3   Next: 75%
Magic:  3/3        EV: 13    Int:  7    God:
Gold:   71         SH:  0    Dex: 13    Spells: 2/2 levels left

rFire    . . .     SeeInvis +   a - +0 war axe
rCold    . . .     Gourm    .   (no shield)
rNeg     . . .     Faith    .   b - +0 leather armour
rPois    .         Spirit   .   (helmet unavailable)
rElec    .         Reflect  .   (no cloak)
rCorr    .         Harm     .   (no gloves)
MR       .....                  (no boots)
Stlth    +.........             k - amulet of inaccuracy (curse)
HPRegen  0.09/turn              l - ring of wizardry
MPRegen  0.08/turn              (no ring)

@: no status effects
A: permanent stasis, dig shafts and tunnels, four strong arms, antennae 3
a: Dig, Shaft Self


You were on level 2 of the Dungeon.
You were not hungry.

You visited 1 branch of the dungeon, and saw 2 of its levels.

You collected 71 gold pieces.

Inventory:

Hand Weapons
 a - a +0 war axe (weapon)
Missiles
 c - 3 throwing nets (quivered)
Armour
 b - a +0 leather armour (worn)
 j - a +1 hat
Jewellery
 k - a cursed amulet of inaccuracy (around neck)
 l - a ring of wizardry (left hand)
Scrolls
 e - 3 scrolls of identify {unknown}
 g - a scroll of teleportation {unknown}
 i - a scroll of random uselessness {unknown}
Potions
 f - a potion of curing {unknown}
 h - 2 potions of haste {unknown}
 m - a potion of magic {unknown}
Comestibles
 d - a bread ration


   Skills:
 + Level 2.5 Fighting
 + Level 3.7 Axes
 + Level 2.1 Throwing
 + Level 0.8 Armour
 + Level 3.0 Dodging


You had 2 spell levels left.
You didn't know any spells.

Dungeon Overview and Level Annotations

Branches:
Dungeon (2/15)

Altars:


Innate Abilities, Weirdness & Mutations

You cannot be hasted, slowed, berserked, paralysed or teleported.
You can dig through walls and to a lower floor.
Your four strong arms can wield two-handed weapons with a shield.
You have a pair of large antennae on your head. (SInv)


Message History

You barely miss the leopard gecko. The leopard gecko bites you.
You hit the leopard gecko but do no damage.
The leopard gecko closely misses you. The leopard gecko bites you.
You closely miss the leopard gecko.
The leopard gecko completely misses you.
You closely miss the leopard gecko.
The leopard gecko closely misses you. x2
You closely miss the leopard gecko. The leopard gecko bites you.
You miss the leopard gecko. The leopard gecko bites you.
The leopard gecko closely misses you.
You miss the leopard gecko. The leopard gecko barely misses you.
The leopard gecko bites you.
* * * LOW HITPOINT WARNING * * *
You closely miss the leopard gecko. The leopard gecko closely misses you.
You closely miss the leopard gecko. The leopard gecko closely misses you.
The leopard gecko bites you.
* * * LOW HITPOINT WARNING * * *
You closely miss the leopard gecko. The leopard gecko bites you.
* * * LOW HITPOINT WARNING * * *
The leopard gecko bites you.
You die...

#############
#...........#
#.########.#.#
########.#######.##
.............##.@.#
{
#.######........#l#
#.######.##.....#...
............#.##
##...
#.....##....#...#
...# <.....##..###
.# ..# #.....##....#
.. ..#
#.....##..#.#.# .#
########..#...###


You could see a leopard gecko.

Vanquished Creatures
  Jessica (D:2)
  2 ball pythons
  2 giant cockroaches (D:1)
  3 hobgoblins (D:1)
  3 bats
  A frilled lizard (D:1)
  A kobold (D:1)
  4 rats
17 creatures vanquished.

Notes
Turn   | Place    | Note
-------+----------+-------------------------------------------
     0 | D:1      | slep the Formicid Gladiator began the quest for the Orb.
     0 | D:1      | Reached XP level 1. HP: 16/16 MP: 1/1
   285 | D:1      | Reached XP level 2. HP: 12/22 MP: 2/2
   755 | D:2      | Noticed Jessica
   762 | D:2      | Killed Jessica
   762 | D:2      | Reached XP level 3. HP: 16/28 MP: 3/3
   934 | D:2      | HP: 1/28 [leopard gecko (1)]
   934 | D:2      | Slain by a leopard gecko

Vault maps used:
D:1:      roderic_chinese_lattice_arrival
D:2:      trog_three_pillars_becter, uniq_terence, uniq_jessica

Skill      XL: |  1  2 |
---------------+-------+-----
Dodging        | 3 |  3.0
Fighting       | |  2.5
Axes           | |  3.7
Throwing       | |  2.1
Armour         | |  0.8

Action                   || total
-------------------------++-------
Melee: War axe           ||    73
Armor: Leather armour    ||    20
Dodge: Dodged            ||    57

Table legend:
 A = Spawn XP
 B = Non-spawn XP
 C = Spawn XP percentage of total XP
 D = Spawn monster count
 E = Non-spawn monster count
 F = Spawn count percentage of total count
 G = Total turns spent on level
                    A         B        C        D         E        F      G
               +---------+---------+-------+---------+---------+-------+---------
         Total |       0 |      59 |   0.0 |       0 |      17 |   0.0 |   934
               +---------+---------+-------+---------+---------+-------+---------
           D:1 |       0 |      16 |   0.0 |       0 |      10 |   0.0 |   738
           D:2 |       0 |      43 |   0.0 |       0 |       7 |   0.0 |   196
               +---------+---------+-------+---------+---------+-------+---------
